 Dungeon Crawl Stone Soup version 0.30-a0-341-g682706514a (webtiles) character file.

Game seed: 10183444643004621601

6673 Shayle the Ducker (level 11, -1/118 HPs)
             Began as a Djinni Reaver on Nov 4, 2022.
             Was an Initiate of Ashenzari.
             Slain by an ufetubus (5 damage)
             ... summoned by a ynoxinul
             ... summoned by an obsidian statue
             ... on level 9 of the Dungeon.
             The game lasted 00:31:31 (9394 turns).

Shayle the Ducker (Djinni Reaver)                   Turns: 9394, Time: 00:31:32

Health: -1/118     AC: -7    Str: 15      XL:     11   Next: 23%
Gold:   295        EV: 16    Int: 22      God:    Ashenzari [......] SH:  0 Dex: 17 (19)

rFire   + + .      SeeInvis .    D - +11 spear "Orb Guardian's Doom" {freeze, *Rage rN++ Will+++ Dex-4}
rCold   x . .      Faith    .    (no shield)
rNeg    + + .      Spirit   .    H - +4 robe of Augmentation {Str+4 Int+4 Dex+4}
rPois   ∞          Reflect  .    f - +0 helmet
rElec   .          Harm     .    C - +2 cloak
rCorr   .          Rampage  .    m - +2 pair of gloves
Will    ++++.      Rage     20%  (boots unavailable)
Stlth   ..........               (no amulet)
HPRegen 0.39/turn                d - +6 ring of dexterity
MPRegen 0.00/turn                r - ring "Share My Apathy" {AC+4, Melee, Evo} (curse)

@: berserking (expiring), corroded, flying, studying 2 skills, very quick
A: sickness immunity, fire resistance 2, cold vulnerability 1, float, innate
caster, HP casting, extra vitality 1
a: Renounce Religion, Curse Item, Shatter the Chains


You were on level 9 of the Dungeon.
You worshipped Ashenzari.
Ashenzari was noncommittal.
You visited 2 branches of the dungeon, and saw 10 of its levels.

You collected 539 gold pieces.
You spent 244 gold pieces at shops.

Inventory:

Hand Weapons
 c - a +0 quarterstaff of speed
 g - a +1 vorpal trident
 x - a +3 vorpal spear
 D - the +11 spear "Orb Guardian's Doom" (weapon) {freeze, *Rage rN++ Will+++ Dex-4}
   (You found it on level 6 of the Dungeon)

   It freezes those it strikes, dealing additional cold damage.
   It can also slow down cold-blooded creatures.
   Dex:       It affects your dexterity (-4).
   rN:        It greatly protects you from negative energy.
   *Rage:     It berserks you when you make melee attacks (+20% chance).
   Will:      It greatly increases your willpower.
 J - a +2 halberd of flaming
 N - a +3 scimitar of flaming
Missiles
 y - a throwing net
Armour
 a - a +0 leather armour
 f - a +0 helmet (worn)
 m - a +2 pair of gloves (worn)
 C - a +2 cloak (worn)
 H - the +4 robe of Augmentation (worn) {Str+4 Int+4 Dex+4}
   (You found it on level 7 of the Dungeon)

   Str:       It affects your strength (+4).
   Int:       It affects your intelligence (+4).
   Dex:       It affects your dexterity (+4).
 K - +2 steam dragon scales
Jewellery
 d - a +6 ring of dexterity (left hand)
 r - the cursed ring "Share My Apathy" (right hand) {AC+4, Melee, Evo}
   (You took it off a hobgoblin on level 2 of the Dungeon)

   [ring of protection]

   AC:        It affects your AC (+4).
   It has a curse which improves the following skills: Melee Combat: Short
   Blades, Long Blades, Axes, Maces & Flails, Polearms, Staves and Unarmed
   Combat.
   Evocations: Evocations.
 A - a ring of see invisible
Wands
 b - a wand of paralysis (8)
 s - a wand of iceblast (9)
Scrolls
 j - 6 scrolls of teleportation
 k - 3 scrolls of poison
 l - a scroll of torment {unknown}
 o - a scroll of silence {unknown}
 p - a scroll of immolation {unknown}
 q - a scroll of vulnerability {unknown}
 t - 2 scrolls of blinking
 E - 4 scrolls of identify
 F - a scroll of fog {unknown}
 I - a scroll of enchant weapon {unknown}
Potions
 e - 7 potions of curing
 h - 3 potions of berserk rage
 i - a potion of heal wounds
 n - 2 potions of magic {unknown}
 u - a potion of invisibility
 v - a potion of might
 w - 3 potions of brilliance {unknown}
 z - 2 potions of mutation {unknown}
 B - a potion of haste
 G - 2 potions of resistance
 L - 2 potions of lignification {unknown}
 M - 2 potions of attraction {unknown}


   Skills:
 + Level 7.2 Fighting
 + Level 7.9 Dodging
 + Level 6.2 Stealth
 + Level 7.5(8.0) Unarmed Combat
 + Level 5.7 Spellcasting
 + Level 5.5(5.9) Evocations


You had 3 spell levels left.
You knew the following spells:

 Your Spells              Type           Power      Damage    Failure   Level
a - Kiss of Death         Conj/Necr      100%       2d13      1%          1
b - Momentum Strike       Conj/Tloc      62%        3d9       1%          2
c - Hailstorm             Conj/Ice       31%        3d8       2%          3
d - Freeze                Ice            100%       1d10      1%          1
e - Static Discharge      Conj/Air       62%        2-5/arc   1%          2
f - Ensorcelled Hibernat  Hex/Ice        62%        N/A       1%          2
g - Call Canine Familiar  Summ           31%        N/A       2%          3
h - Dispel Undead         Necr           31%        3d14      9%          4
Your spell library was empty.

Dungeon Overview and Level Annotations

Branches:
Dungeon (9/15)             Temple (1/1) D:4            Lair (0/5) D:8
    Orc (0/2) D:9

Altars:
Ashenzari
Cheibriados
Dithmenos
Elyvilon
Gozag
Makhleb
Okawaru
Qazlal
Trog
Uskayaw
Wu Jian
Xom
Yredelemnul
Zin

Shops:
D:3 !   D:5 ?

Annotations:
D:5 3 runed translucent doors, blackman's ghost, weakling HuDe
D:7 2 transporters, Encipher's ghost, novice AtRe
D:9 exclusion: obsidian statue


Innate Abilities, Weirdness & Mutations

You are immune to sickness and miasma.
You are immune to poison.
Your flesh is very heat resistant. (rF++)
You are vulnerable to cold. (rC-)
You float through the air rather than walking.
You learn spells naturally, not from books.
Your magical power is your life essence.
You have superior vitality. (+4 MHP)


Message History

You rip and tear the barbed spikes from your body.
The ufetubus barely misses you. x3; The ufetubus completely misses you.
The rust devil hits you!
* * * LOW HITPOINT WARNING * * *
The rust devil corrodes you!
You hit the rust devil but do no damage.
The rust devil is severely wounded.
The ufetubus hits you.
* * * LOW HITPOINT WARNING * * *
The ufetubus barely misses you.
You puncture the rust devil! You freeze the rust devil.
The rust devil is almost dead.
The white imp disappears in a puff of smoke!
The rust devil hits you.
* * * LOW HITPOINT WARNING * * *
The rust devil corrodes you! The ufetubus closely misses you.
The ufetubus hits you.
* * * LOW HITPOINT WARNING * * *
The ynoxinul closely misses you.
You closely miss the ynoxinul. The ufetubus hits you.
* * * LOW HITPOINT WARNING * * *
The ufetubus barely misses you. The rust devil barely misses you.
Unknown command.
You hit the rust devil but do no damage.
The rust devil is almost dead.
The ynoxinul closely misses you. The ufetubus misses you. x2
Unknown command.
You hit the rust devil but do no damage.
The rust devil is almost dead.
The rust devil barely misses you. The ufetubus barely misses you.
The ufetubus misses you. The ynoxinul gestures at you.
The iron shot misses you.
Unknown command.
You hit the rust devil but do no damage.
The rust devil is almost dead.
The ufetubus hits you.
* * * LOW HITPOINT WARNING * * *
The ufetubus hits you.
You die...

........8.....)).#
#......h3.....##<# ##
#.#...........##.# ####
#.#...........##.#
>#.############.55..........
#.#
##............55o5.........
#.#
###############55###.#...#
#.# ##34###....######.## #
#..@5.# #........... #
#>..#.###.#..####.## #
##...........)..##..# #
#######....................
#
#[............##....#.###..
#
#.#####.#.###.#...#....##..
# #.# #.#.###.....#....##..
# #.# #...>.....#####......
# #.# #.#.#.#.....#....####


You could see a rust devil (summoned), a ynoxinul (summoned), a quasit
(summoned), an orc and 7 ufetubi.

Vanquished Creatures
  Erica (D:9)
  Maggie (D:7)
  A kobold demonologist (D:8)
  A slime creature (D:8)
  A wyvern (D:9)
  A shadow (D:8)
  16 yaks
  A steam dragon (D:7)
  2 ice beasts (D:7)
  A black bear (D:5)
  A sky beast (D:8)
  2 centaurs
  A phantom (D:5)
  2 kobold brigands (D:9)
  A bullfrog (D:6)
  5 scorpions
  4 wights (D:9)
  5 killer bees (D:7)
  5 howler monkeys
  A hound (D:5)
  5 orc priests
  3 jellies
  A gnoll bouda (D:6)
  3 iguanas
  6 orc wizards
  Robin (D:2)
  15 gnolls
  10 adders
  2 white imps (D:5)
  A dart slug (D:2)
  46 orcs
  8 endoplasms
  A giant cockroach (D:1)
  16 goblins
  10 hobgoblins
  2 quokkas (D:1)
  8 ball pythons
  4 bats
  2 frilled lizards
  9 kobolds
  6 rats
212 creatures vanquished.

Vanquished Creatures (others)
  An adder (D:2)
  8 plants
9 creatures vanquished.

Grand Total: 221 creatures vanquished

Notes
Turn   | Place    | Note
-------+----------+-------------------------------------------
     0 | D:1      | Shayle the Djinni Reaver began the quest for the Orb.
     0 | D:1      | Shayle set off with the following spells memorised: Kiss of
                  | Death, Momentum Strike, Hailstorm.
     0 | D:1      | Reached XP level 1. HP: 18/18 MP: 0/0
   243 | D:1      | Reached XP level 2. HP: 23/23 MP: 0/0
   363 | D:1      | Found a faded altar of an unknown god.
   365 | D:1      | Noticed a shining eye
   365 | D:1      | Noticed a great orb of eyes
   366 | D:1      | Noticed an eye of devastation
   366 | D:1      | Noticed a shining eye
   617 | D:1      | Reached XP level 3. HP: 28/28 MP: 0/0
   617 | D:1      | Learned a level 1 spell: Freeze
   983 | D:2      | Reached skill level 1 in Stealth
  1009 | D:2      | Noticed Robin
  1169 | D:1      | Reached XP level 4. HP: 21/34 MP: 0/0
  1740 | D:2      | Killed Robin
  2242 | D:3      | Reached XP level 5. HP: 16/40 MP: 0/0
  2242 | D:3      | Learned a level 2 spell: Static Discharge
  2533 | D:3      | Found Joska's Distillery.
  2538 | D:3      | Bought 2 potions of curing for 84 gold pieces
  2538 | D:3      | Bought a potion of heal wounds for 70 gold pieces
  2872 | D:3      | Reached XP level 6. HP: 45/46 MP: 0/0
  3454 | D:4      | Reached XP level 7. HP: 34/50 MP: 0/0
  3454 | D:4      | Learned a level 2 spell: Ensorcelled Hibernation
  3657 | D:4      | Found a staircase to the Ecumenical Temple.
  3682 | Temple   | Entered the Ecumenical Temple
  3690 | Temple   | Became a worshipper of Ashenzari the Shackled
  4141 | D:5      | Entered Level 5 of the Dungeon
  4574 | D:5      | Reached XP level 8. HP: 50/58 MP: 0/0
  4577 | D:5      | Found a runed translucent gate.
  4578 | D:5      | Found a runed translucent gate.
  4581 | D:5      | Noticed blackman's ghost (weakling HuDe)
  4584 | D:5      | Found a runed translucent gate.
  4605 | D:5      | Identified a scroll of acquirement
  4605 | D:5      | Acquired a manual of Shields
  4842 | D:5      | Found a stormy altar of Qazlal.
  4921 | D:5      | Reached skill level 1 in Evocations
  5061 | D:5      | Reached skill level 5 in Unarmed Combat
  5166 | D:5      | Found Sumiun's Magic Scroll Boutique.
  5181 | D:5      | Bought a scroll of enchant armour for 90 gold pieces
  5501 | D:6      | Identified the +11 spear "Orb Guardian's Doom" {freeze,
                  | *Rage rN++ Will+++ Dex-4}
  5825 | D:6      | Reached skill level 5 in Dodging
  6185 | D:7      | Found the +4 robe of Augmentation {Str+4 Int+4 Dex+4}
  6211 | D:7      | Found a shadowy altar of Dithmenos.
  6244 | D:7      | Reached skill level 5 in Fighting
  6244 | D:7      | Reached XP level 9. HP: 45/65 MP: 0/0
  6244 | D:7      | Learned a level 3 spell: Call Canine Familiar
  6249 | D:7      | Noticed Maggie
  6416 | D:7      | Killed Maggie
  6657 | D:7      | Found a transporter.
  6702 | D:7      | Found a transporter.
  6711 | D:7      | Noticed Encipher's ghost (novice AtRe)
  6952 | D:8      | Found a staircase to the Lair.
  6982 | D:8      | Noticed a slime creature
  6991 | D:8      | Killed a slime creature
  7272 | D:8      | Reached skill level 5 in Stealth
  7272 | D:8      | Reached XP level 10. HP: 50/72 MP: 0/0
  7282 | D:8      | Reached skill level 5 in Spellcasting
  7487 | D:8      | Found an opulent altar of Gozag.
  8067 | D:9      | Noticed a kobold demonologist
  8087 | D:8      | Killed a kobold demonologist
  8120 | D:9      | Noticed an obsidian statue
  8290 | D:9      | Found a staircase to the Orcish Mines.
  8478 | D:9      | Found a basalt altar of Yredelemnul.
  8479 | D:9      | Found an iron altar of Okawaru.
  8501 | D:9      | Reached skill level 5 in Evocations
  8837 | D:9      | Found a white marble altar of Elyvilon.
  8865 | D:9      | Reached XP level 11. HP: 78/78 MP: 0/0
  8865 | D:9      | Learned a level 4 spell: Dispel Undead
  9068 | D:9      | Noticed Erica
  9079 | D:9      | Killed Erica
  9394 | D:9      | HP: 4/118 [ufetubus[an obsidian statue] (5)]
  9394 | D:9      | Slain by an ufetubus

Illustrated notes

Levels and vault maps discovered:
D:1:      saegor_arrival_simple_b, layout_loops_cross,
          hellmonk_ecumenical_altar_watching_god
D:2:      layout_loops_corners, kennysheep_generic_room_7, uniq_robin
D:3:      layout_basic, serial_shops, shop, minmay_shallow_snake_nest
D:4:      layout_rooms, minmay_temple_entry_junction_2
D:5:      layout_basic, mainiacjoe_overflow_tiny_flanked, serial_shops,
          nicolae_shop_advertising_works [nicolae_subvault_shop_adworks],
          gammafunk_ghost_nasty_kobolds
D:6:      layout_basic
D:7:      layout_rooms, old_standard_altar, serial_aquarium,
          aquarium_bridge_square [aquarium_subvault_wall,
          aquarium_subvault_window, aquarium_subvault_bridge,
          aquarium_subvault_wall], aquarium_window_corridor_2,
          aquarium_window_fake, aquarium_window_2, aquarium_window_1,
          aquarium_view_2a, aquarium_view_2f, gammafunk_ghost_gnarly_gnolls,
          uniq_maggie
D:8:      layout_basic, grunt_gozag_statues, st_stairs_13,
          minmay_misc_feat_more_columns, minmay_manual_mail
D:9:      layout_loops_ring, nicolae_overflow_hidden_temple,
          chequers_temple_overflow_statue_of_worship, hiddenorc2_lemuel,
          minivault_16, uniq_erica
Temple:   eino_narrow_crystal_temple

Skill      XL: |  1  2  3  4  5  6  7  8  9 10 11 |
---------------+----------------------------------+-----
Stealth        | 1 2 3 4 5 6 |  6.2
Dodging        | 3 4 5 6 7 |  7.9
Fighting       | 3 4 5 6 7 |  7.2
Spellcasting   | 3 4 5 |  5.7
Unarmed Combat | 4 5 6 7 |  7.5
Evocations     | 2 3 5 |  5.5

Action                   |  1- 3 |  4- 6 |  7- 9 | 10-12 || total
-------------------------+-------+-------+-------+-------++-------
Melee: Short sword       |    18 |       |       |       ||    18
       Unarmed           |    11 |       |       |       ||    11
       Quarterstaff      |    89 |    43 |       |       ||   132
       Punch             |     2 |       |     6 |    15 ||    23
       Trident           |       |    84 |       |       ||    84
       Spear             |       |       |   204 |   212 ||   416
 Cast: Momentum Strike   |     1 |       |       |       ||     1
       Hailstorm         |       |    11 |    32 |     1 ||    44
       Static Discharge  |       |     4 |     6 |       ||    10
       Ensorcelled Hiber |       |       |     2 |       ||     2
       Call Canine Famil |       |       |       |     1 ||     1
Invok: Curse Item        |       |       |     1 |       ||     1
  Use: Scroll            |     2 |     2 |     8 |       ||    12
       Potion            |       |     3 |     2 |     1 ||     6
 Stab: Sleeping          |     2 |     5 |     6 |     2 ||    15
       Distracted        |       |       |     1 |       ||     1
       Invisible         |       |       |     2 |       ||     2
Armor: Leather armour    |    31 |    40 |    63 |       ||   134
       Robe              |       |       |    49 |    78 ||   127
Dodge: Dodged            |    92 |   103 |   239 |   190 ||   624

Table legend: (Time is in decaauts)
 A = Elapsed time spent in this place.
 B = Non-inter-level travel time spent in this place.
 C = Inter-level travel time spent in this place.
 D = Time resting spent in this place.
 E = Time spent auto-exploring this place.
 F = Levels seen in this place.
 G = Mean time per level.
                   A        B        C        D        E       F      G
               +--------+--------+--------+--------+--------+-----+--------+
         Total |   9609 |   9367 |    242 |   1516 |   5489 |  10 |  960.9 |
       Dungeon |   9495 |   9253 |    242 |   1421 |   5489 |   9 | 1055.0 |
        Temple |    113 |    113 |      0 |     95 |      0 |   1 |  113.0 |
               +--------+--------+--------+--------+--------+-----+--------+

Top non-repeatable levels by time:
     D:9: 1477 daAuts
     D:3: 1215 daAuts
     D:2: 1175 daAuts
     D:5: 1145 daAuts
     D:8: 1143 daAuts
     D:7: 862 daAuts
     D:1: 856 daAuts
     D:6: 832 daAuts
     D:4: 786 daAuts
  Temple: 113 daAuts
